 Dungeon Crawl Stone Soup version 0.27.1-4-g1640c2035a (webtiles) character file.

Game seed: 9655402484823855783

1101 raph the Digger (level 8, -2/43 HPs)
             Began as a Deep Elf Earth Elementalist on Oct 31, 2021.
             Was an Initiate of Sif Muna.
             Slain by a hornet (7 damage)
             ... on level 6 of the Dungeon.
             The game lasted 00:12:37 (7107 turns).

raph the Digger (Deep Elf Earth Elementalist)       Turns: 7107, Time: 00:12:38

Health: -2/43      AC:  3    Str: 11    XL:     8   Next: 10%
Magic:  3/18       EV: 13    Int: 23    God:    Sif Muna [......]
Gold:   87         SH:  4    Dex: 15    Spells: 7/18 levels left

rFire    . . .     SeeInvis .   g - +3 short sword
rCold    . . .     Faith    .   p - +0 buckler
rNeg     . . .     Spirit   .   n - +0 robe {Will+}
rPois    .         Reflect  .   (no helmet)
rElec    .         Harm     .   (no cloak)
rCorr    .         Rampage  .   j - +0 pair of gloves
Will     +....                  (no boots)
Stlth    +++.......             (no amulet)
HPRegen  0.14/turn              m - +6 ring of strength
MPRegen  0.16/turn              t - ring of wizardry

@: lethally poisoned (-2 -> -11), slowed, very slow
A: no striking features
a: Renounce Religion


You were on level 6 of the Dungeon.
You worshipped Sif Muna.
Sif Muna was noncommittal.
You visited 1 branch of the dungeon, and saw 6 of its levels.

You collected 219 gold pieces.
You spent 132 gold pieces at shops.

Inventory:

Hand Weapons
 f - a +0 dagger
 g - a +3 short sword (weapon)
 o - a +0 rapier
Missiles
 c - 86 stones
 i - 20 poisoned darts
 r - a throwing net
Armour
 b - a +0 robe
 j - a +0 pair of gloves (worn)
 n - a +0 robe of willpower (worn)
 p - a +0 buckler (worn)
Jewellery
 m - a +6 ring of strength (left hand)
 q - a ring of ice
 t - a ring of wizardry (right hand)
Wands
 u - a wand of polymorph (7)
Scrolls
 d - a scroll of amnesia
 k - a scroll of fear
 l - a scroll of blinking
 w - a scroll of magic mapping
Potions
 a - a potion of curing
 e - a potion of mutation
 h - 2 potions of flight


   Skills:
 - Level 1.5 Fighting
 - Level 3.7 Dodging
 - Level 3.7 Stealth
 + Level 2.2 Shields
 + Level 5.6 Spellcasting
 - Level 2.5 Conjurations
 - Level 1.7 Summonings
 - Level 1.1 Transmutations
 + Level 3.1 Ice Magic
 + Level 5.9 Earth Magic
 + Level 3.2 Invocations


You had 7 spell levels left.
You knew the following spells:

 Your Spells              Type           Power      Damage    Failure   Level
a - Sandblast             Erth           66%        2d15      1%          1
b - Passwall              Tmut/Erth      18%        N/A       1%          2
c - Stone Arrow           Conj/Erth      50%        3d10      2%          3
d - Call Imp              Summ           14%        N/A       3%          2
e - Frozen Ramparts       Ice            40%        1d6       3%          3

Your spell library contained the following spells:

 Spells                   Type           Power      Damage    Failure   Level
 Call Canine Familiar     Summ           14%        N/A       6%          3
 Slow                     Hex            6%         N/A       7%          2
 Sublimation of Blood     Necr           3%         N/A       7%          2
 Petrify                  Tmut/Erth      22%        N/A       11%         4
 Confusing Touch          Hex            6%         N/A       13%         3
 Portal Projectile        Hex/Tloc       12%        N/A       13%         3
 Vampiric Draining        Necr           3%         2d6       13%         3
 Leda's Liquefaction      Hex/Erth       10%        N/A       13%         4
 Hailstorm                Conj/Ice       19%        3d6       14%         4
 Summon Ice Beast         Ice/Summ       17%        N/A       16%         4
 Ice Form                 Ice/Tmut       16%        N/A       17%         4
 Passage of Golubria      Tloc           N/A        N/A       38%         4
 Irradiate                Conj/Tmut      7%         3d16      47%         5
 Summon Mana Viper        Hex/Summ       10%        N/A       61%         5
 Simulacrum               Ice/Necr       6%         N/A       96%         6


Dungeon Overview and Level Annotations

Branches:
Dungeon (6/15)
 Temple: D:4-7

Altars:
Ashenzari
Makhleb
Okawaru
Sif Muna

Shops:
D:2 ?


Message History

Press: ? - help, Q - select action, (/) - cycle Shift-Dir - straight line, f/p - hornet
Aim: a hornet (translocational energy, severely wounded, ally target, 73% to hit)
The blast of sand hits the hornet but does no damage.
The hornet is severely wounded.
Your crimson imp is no longer moving slowly.
The hornet stings you!
You feel as though you will be slow longer.
Your crimson imp blinks!
The hornet stings you!
You are poisoned.
You feel as though you will be slow longer.
Your crimson imp blinks!
You feel much better.
You feel very sick. The hornet stings you.
You feel as though you will be slow longer.
The hornet stings you!
You feel as though you will be slow longer.
Aiming: Sandblast (safe; 1% risk of failure)
Press: ? - help, Q - select action, (/) - cycle Shift-Dir - straight line, f/p - hornet
Aim: a hornet (severely wounded, ally target, 73% to hit)
The blast of sand hits the hornet.
The hornet is severely wounded.
You feel sick. The hornet stings you!
* * * LOW HITPOINT WARNING * * *
You are lethally poisoned!
You feel as though you will be slow longer.
The hornet misses you. You block the hornet's attack.
Aiming: Sandblast (safe; 1% risk of failure)
Press: ? - help, Q - select action, (/) - cycle Shift-Dir - straight line, f/p - hornet
Aim: a hornet (severely wounded, ally target, 73% to hit)
The blast of sand hits the hornet.
The hornet is almost dead.
* * * LOW HITPOINT WARNING * * *
You feel very sick. The hornet stings you.
* * * LOW HITPOINT WARNING * * *
You feel as though you will be slow longer.
The hornet stings you!
You die...

!!$#..#######....
#####.............
..................
.......!..?.....#
#...............#
#.........<5....#
#...............#
#...............#
.......@5).....##
.#....5y......#..
.......######## ##
##.#.#. # #...
###. #. #.


You could see a hornet (ally target) and 3 friendly crimson imps.

Vanquished Creatures
  A black bear (D:5)
  A sky beast (D:5)
  2 ogres
  A centaur (D:5)
  A bullfrog (D:3)
  2 water moccasin zombies (D:5)
  A scorpion (D:5)
  A bullfrog zombie (D:5)
  A hound (D:4)
  A jelly (D:5)
  An iguana (D:5)
  2 orc wizards (D:5)
  A hound skeleton (D:5)
  6 gnolls
  3 adders
  2 adder skeletons (D:4)
  A dart slug (D:1)
  4 orcs
  3 bats
  6 endoplasms
  3 giant cockroaches
  3 goblins
  13 hobgoblins
  4 quokkas
  A ball python (D:1)
  4 frilled lizards
  5 kobolds
  A rat (D:1)
75 creatures vanquished.

Vanquished Creatures (collateral kills)
  Sigmund (D:3)
  An orc wizard (D:5)
  A gnoll (D:4)
3 creatures vanquished.

Vanquished Creatures (others)
  19 plants (D:5)
19 creatures vanquished.

Grand Total: 97 creatures vanquished

Notes
Turn   | Place    | Note
-------+----------+-------------------------------------------
     0 | D:1      | raph the Deep Elf Earth Elementalist began the quest for
                  | the Orb.
     0 | D:1      | Reached XP level 1. HP: 10/10 MP: 6/6
   171 | D:1      | Reached XP level 2. HP: 16/16 MP: 6/8
   182 | D:1      | Learned a level 2 spell: Passwall
  1629 | D:1      | Reached XP level 3. HP: 20/20 MP: 9/9
  1633 | D:1      | Learned a level 3 spell: Stone Arrow
  2091 | D:2      | HP: 1/20 [kobold (2)]
  2448 | D:2      | Found Duthraet's Magic Scroll Emporium.
  2456 | D:2      | Bought a scroll of fear for 42 gold pieces
  3343 | D:3      | Noticed Sigmund
  3494 | D:3      | Found a broken altar of Ashenzari.
  3512 | D:3      | Reached skill level 1 in Fighting
  3755 | D:3      | Noticed a bullfrog
  3761 | D:3      | Killed a bullfrog
  3762 | D:3      | Reached skill level 1 in Conjurations
  3762 | D:3      | Reached XP level 4. HP: 25/25 MP: 0/11
  4020 | D:3      | Got the Tome of Warped Creation
  4024 | D:3      | Learned a level 2 spell: Call Imp
  4212 | D:4      | Noticed an ogre
  4216 | D:4      | Killed an ogre
  4217 | D:4      | Reached skill level 1 in Summonings
  4217 | D:4      | Reached XP level 5. HP: 29/29 MP: 2/12
  4665 | D:4      | Found a shimmering blue altar of Sif Muna.
  4674 | D:4      | Became a worshipper of Sif Muna the Loreminder
  4812 | D:4      | Reached XP level 6. HP: 34/34 MP: 1/14
  5188 | D:4      | Learned a level 3 spell: Frozen Ramparts
  5383 | D:5      | Entered Level 5 of the Dungeon
  5403 | D:5      | Reached skill level 1 in Invocations
  5531 | D:5      | Reached skill level 1 in Ice Magic
  5564 | D:5      | Reached skill level 5 in Earth Magic
  5675 | D:5      | Reached skill level 1 in Shields
  5675 | D:5      | Reached XP level 7. HP: 20/38 MP: 10/15
  5936 | D:5      | Found an iron altar of Okawaru.
  6124 | D:5      | Found a burning altar of Makhleb.
  6327 | D:5      | Reached skill level 5 in Spellcasting
  6666 | D:5      | Reached XP level 8. HP: 43/43 MP: 15/18
  6909 | D:2      | Bought 2 scrolls of identify for 48 gold pieces
  6909 | D:2      | Bought a scroll of magic mapping for 42 gold pieces
  6933 | D:3      | Killed Sigmund
  6933 | D:3      | Reached * piety under Sif Muna
  7092 | D:6      | Noticed a hornet
  7107 | D:6      | Slain by a hornet

Illustrated notes

Levels and vault maps discovered:
D:1:      lightli_arrival_maybe_door_vault, layout_basic, lemuel_old_faithful
D:2:      layout_basic, serial_shops, shop_fountains
D:3:      layout_loops_ring, mainiacjoe_overflow_six_doors_small,
          dk_noncrumbling_4, uniq_sigmund
D:4:      layout_loops_ring, lemuel_blue_sif_altar
D:5:      layout_cave_pools, mainiacjoe_overflow_cross_hatched,
          lemuel_crystal_altar, columned_hall_lemuel,
          minmay_a_box_with_orc_wizards_in_it
D:6:      layout_rooms, minmay_temple_entry_gardened_gates, serial_curves,
          eino_curves_04, eino_curves_01, eino_curves_04,
          hangedman_abyss_or_decor_stagger, due_unseen_surprise

Skill      XL: |  1  2  3  4  5  6  7  8 |
---------------+-------------------------+-----
Dodging        | 3 |  3.7
Stealth        | 3 |  3.7
Fighting       | 1 |  1.5
Conjurations   | 1 2 |  2.5
Earth Magic    | 4 5 |  5.9
Summonings     | 1 |  1.7
Spellcasting   | 4 5 |  5.6
Invocations    | 1 3 |  3.2
Ice Magic      | 1 2 3 |  3.1
Shields        | 1 2 |  2.2
Transmutations | |  1.1

Action                   |  1- 3 |  4- 6 |  7- 9 || total
-------------------------+-------+-------+-------++-------
Melee: Dagger            |    22 |       |       ||    22
       Short sword       |    27 |    13 |     5 ||    45
 Cast: Sandblast         |    36 |    25 |    17 ||    78
       Stone Arrow       |     7 |    11 |    12 ||    30
       Call Imp          |       |     3 |     8 ||    11
       Passwall          |       |     2 |       ||     2
       Frozen Ramparts   |       |     1 |     2 ||     3
  Use: Scroll            |       |     8 |     4 ||    12
       Potion            |       |     2 |     1 ||     3
 Stab: Sleeping          |     4 |     3 |       ||     7
Armor: Robe              |    13 |     1 |     1 ||    15
Dodge: Dodged            |    36 |    23 |     6 ||    65
Block: Buckler           |       |     2 |     3 ||     5
